Workbook
Name discount_rate: '3. Inputs'!$F$22
Name IQ_CH: 110000
Name IQ_CQ: 5000
Name IQ_CY: 10000
Name IQ_DAILY: 500000
Name IQ_FH: 100000
Name IQ_FQ: 500
Name IQ_FY: 1000
Name IQ_LTM: 2000
Name IQ_MONTH: 15000
Name IQ_NTM: 6000
Name IQ_WEEK: 50000
Name IQ_YTD: 3000
Name model_date: '3. Inputs'!$F$10
Name share_price: '3. Inputs'!$F$24
Name terminal_growth_rate: '3. Inputs'!$F$23
Name timelines: '3. Inputs'!$G$11:$L$12

Sheet Cover

Sheet 1. Summary
B2: CICBV Best Practices in Financial Modelling
B3: Apple Inc. Financial Model
B4: =model_date -> October 31, 2022 | H4: ='3. Inputs'!H4 -> Forecast | I4: ='3. Inputs'!I4 -> Forecast | J4: ='3. Inputs'!J4 -> Forecast | K4: ='3. Inputs'!K4 -> Forecast | L4: ='3. Inputs'!L4 -> Forecast
B5: (In millions, except per share amounts) | H5: ='3. Inputs'!H5 -> 2023 | I5: ='3. Inputs'!I5 -> 2024 | J5: ='3. Inputs'!J5 -> 2025 | K5: ='3. Inputs'!K5 -> 2026 | L5: ='3. Inputs'!L5 -> 2027 | M5: Terminal Value
B8: Summary of Key Inputs
C9: Discount rate | F9: =discount_rate -> 0.1
C10: Terminal growth rate | F10: =terminal_growth_rate -> 0.035
B12: Discounted Cash Flow
C13: EBITDA | H13: ='2. Financial Stmts'!H53 -> 140324.44 | I13: ='2. Financial Stmts'!I53 -> 152164.34 | J13: ='2. Financial Stmts'!J53 -> 179775.29 | K13: ='2. Financial Stmts'!K53 -> 191314.85 | L13: ='2. Financial Stmts'!L53 -> 201519.64
C14: Less: change in working capital | H14: =SUM('2. Financial Stmts'!H85:H89) -> -3252.2529 | I14: =SUM('2. Financial Stmts'!I85:I89) -> -3183.1205 | J14: =SUM('2. Financial Stmts'!J85:J89) -> -13738.438 | K14: =SUM('2. Financial Stmts'!K85:K89) -> -2947.4087 | L14: =SUM('2. Financial Stmts'!L85:L89) -> -2377.0089
C15: Less: capex | H15: ='2. Financial Stmts'!H93 -> -12000 | I15: ='2. Financial Stmts'!I93 -> -12000 | J15: ='2. Financial Stmts'!J93 -> -12000 | K15: ='2. Financial Stmts'!K93 -> -12000 | L15: ='2. Financial Stmts'!L93 -> -12000
C16: Less: taxes | H16: =-('2. Financial Stmts'!H53-'2. Financial Stmts'!H49)*'3. Inputs'!H46 -> -21179.399 | I16: =-('2. Financial Stmts'!I53-'2. Financial Stmts'!I49)*'3. Inputs'!I46 -> -23020.969 | J16: =-('2. Financial Stmts'!J53-'2. Financial Stmts'!J49)*'3. Inputs'!J46 -> -27433.556 | K16: =-('2. Financial Stmts'!K53-'2. Financial Stmts'!K49)*'3. Inputs'!K46 -> -29254.185 | L16: =-('2. Financial Stmts'!L53-'2. Financial Stmts'!L49)*'3. Inputs'!L46 -> -30868.38
C17: Free Cash Flow | H17: =SUM(H13:H16) -> 103892.78 | I17: =SUM(I13:I16) -> 113960.25 | J17: =SUM(J13:J16) -> 126603.29 | K17: =SUM(K13:K16) -> 147113.26 | L17: =SUM(L13:L16) -> 156274.25
C18: Terminal Value | M18: =L17*(1+terminal_growth_rate)/(discount_rate-terminal_growth_rate) -> 2488366.9
C19: Discount Period | H19: ='3. Inputs'!H16 -> 0.5 | I19: ='3. Inputs'!I16 -> 1.5 | J19: ='3. Inputs'!J16 -> 2.5 | K19: ='3. Inputs'!K16 -> 3.5 | L19: ='3. Inputs'!L16 -> 4.5 | M19: =L19 -> 4.5
C20: PV Factor | H20: =1/(1+discount_rate)^H19 -> 0.95346259 | I20: =1/(1+discount_rate)^I19 -> 0.86678417 | J20: =1/(1+discount_rate)^J19 -> 0.78798561 | K20: =1/(1+discount_rate)^K19 -> 0.71635056 | L20: =1/(1+discount_rate)^L19 -> 0.65122778 | M20: =1/(1+discount_rate)^M19 -> 0.65122778
C21: Discounted cash flow | H21: =H17*H20 -> 99057.882 | I21: =I17*I20 -> 98778.944 | J21: =J17*J20 -> 99761.574 | K21: =K17*K20 -> 105384.66 | L21: =L17*L20 -> 101770.13 | M21: =M18*M20 -> 1620493.6
C22: Net present value (Enterprise value) | G22: =SUM(H21:M21) -> 2125246.8
B24: Valuation Summary
C25: Enterprise value | G25: =G22 -> 2125246.8
C26: Add: excess cash | G26: =MAX('2. Financial Stmts'!G60-'3. Inputs'!F25,0) -> 3646
C27: Add: marketable securities | G27: ='2. Financial Stmts'!G63 -> 145463
C28: Less: debt | G28: =-'2. Financial Stmts'!G71 -> -110087
C29: Equity value | G29: =SUM(G25:G28) -> 2164268.8
C30: Divide by: Shares outstanding | G30: ='2. Financial Stmts'!G44 -> 16215.963
C31: Equity value / share | G31: =G29/G30 -> 133.46533
C32: Current share price | G32: =share_price -> 138.38
C33: Implied share price premium / (discount) | G33: =(G32-G31)/G31 -> 0.036823589
C35: Implied FY27 EV/Revenue terminal multiple | G35: =M18/'2. Financial Stmts'!L13 -> 4.1508752
C36: Implied FY27 EV/EBITDA terminal multiple | G36: =M18/L13 -> 12.348012

Sheet 2. Financial Stmts
B2: CICBV Best Practices in Financial Modelling
B3: Apple Inc. Financial Model
B4: =model_date -> October 31, 2022 | G4: ='3. Inputs'!G4 -> Actual | H4: ='3. Inputs'!H4 -> Forecast | I4: ='3. Inputs'!I4 -> Forecast | J4: ='3. Inputs'!J4 -> Forecast | K4: ='3. Inputs'!K4 -> Forecast | L4: ='3. Inputs'!L4 -> Forecast
B5: (In millions, except per share amounts) | G5: ='3. Inputs'!G5 -> 2022 | H5: ='3. Inputs'!H5 -> 2023 | I5: ='3. Inputs'!I5 -> 2024 | J5: ='3. Inputs'!J5 -> 2025 | K5: ='3. Inputs'!K5 -> 2026 | L5: ='3. Inputs'!L5 -> 2027
B8: 1. Income Statement
C10: Net sales:
C11: Products | G11: ='3. Inputs'!G83 -> 316199 | H11: ='4. Calculations'!H14 -> 335170.94 | I11: ='4. Calculations'!I14 -> 355281.2 | J11: ='4. Calculations'!J14 -> 429890.25 | K11: ='4. Calculations'!K14 -> 451384.76 | L11: ='4. Calculations'!L14 -> 473954
C12: Services | G12: ='3. Inputs'!G84 -> 78129 | H12: ='4. Calculations'!H26 -> 89848.35 | I12: ='4. Calculations'!I26 -> 100630.15 | J12: ='4. Calculations'!J26 -> 110693.17 | K12: ='4. Calculations'!K26 -> 119548.62 | L12: ='4. Calculations'!L26 -> 125526.05
C13: Total net sales | G13: =SUM(G11:G12) -> 394328 | H13: =SUM(H11:H12) -> 425019.29 | I13: =SUM(I11:I12) -> 455911.35 | J13: =SUM(J11:J12) -> 540583.41 | K13: =SUM(K11:K12) -> 570933.38 | L13: =SUM(L11:L12) -> 599480.05
C14: Growth % | G14: N/A | H14: =H13/G13-1 -> 0.077831881 | I14: =I13/H13-1 -> 0.072683897 | J14: =J13/I13-1 -> 0.18572046 | K14: =K13/J13-1 -> 0.056142984 | L14: =L13/K13-1 -> 0.05
C16: Cost of sales:
C17: Products | G17: ='3. Inputs'!G88 -> 201471 | H17: ='4. Calculations'!H34 -> 213559.26 | I17: ='4. Calculations'!I34 -> 226372.82 | J17: ='4. Calculations'!J34 -> 273911.11 | K17: ='4. Calculations'!K34 -> 287606.66 | L17: ='4. Calculations'!L34 -> 301987
C18: Services | G18: ='3. Inputs'!G89 -> 22075 | H18: ='4. Calculations'!H38 -> 25386.25 | I18: ='4. Calculations'!I38 -> 28432.6 | J18: ='4. Calculations'!J38 -> 31275.86 | K18: ='4. Calculations'!K38 -> 33777.929 | L18: ='4. Calculations'!L38 -> 35466.825
C19: Total cost of sales | G19: =SUM(G17:G18) -> 223546 | H19: =SUM(H17:H18) -> 238945.51 | I19: =SUM(I17:I18) -> 254805.42 | J19: =SUM(J17:J18) -> 305186.97 | K19: =SUM(K17:K18) -> 321384.59 | L19: =SUM(L17:L18) -> 337453.82
C20: Gross margin | G20: =G13-G19 -> 170782 | H20: =H13-H19 -> 186073.78 | I20: =I13-I19 -> 201105.93 | J20: =J13-J19 -> 235396.45 | K20: =K13-K19 -> 249548.79 | L20: =L13-L19 -> 262026.23
C21: Margin % | G21: =G20/G13 -> 0.43309631 | H21: =H20/H13 -> 0.43780079 | I21: =I20/I13 -> 0.44110754 | J21: =J20/J13 -> 0.43544889 | K21: =K20/K13 -> 0.43708916 | L21: =L20/L13 -> 0.43708916
C23: Operating expenses:
C24: Research and development | G24: ='3. Inputs'!G94 -> 26251 | H24: ='4. Calculations'!H47 -> 28294.165 | I24: ='4. Calculations'!I47 -> 30350.695 | J24: ='4. Calculations'!J47 -> 35987.44 | K24: ='4. Calculations'!K47 -> 38007.882 | L24: ='4. Calculations'!L47 -> 39908.276
C25: Selling, general and administrative | G25: ='3. Inputs'!G95 -> 25094 | H25: ='4. Calculations'!H52 -> 26850.58 | I25: ='4. Calculations'!I52 -> 28461.615 | J25: ='4. Calculations'!J52 -> 29884.696 | K25: ='4. Calculations'!K52 -> 30781.236 | L25: ='4. Calculations'!L52 -> 31396.861
C26: Total operating expenses | G26: =SUM(G24:G25) -> 51345 | H26: =SUM(H24:H25) -> 55144.745 | I26: =SUM(I24:I25) -> 58812.31 | J26: =SUM(J24:J25) -> 65872.135 | K26: =SUM(K24:K25) -> 68789.119 | L26: =SUM(L24:L25) -> 71305.137
C28: Operating income | G28: =G20-G26 -> 119437 | H28: =H20-H26 -> 130929.04 | I28: =I20-I26 -> 142293.62 | J28: =J20-J26 -> 169524.31 | K28: =K20-K26 -> 180759.67 | L28: =L20-L26 -> 190721.09
C29: Other income/(expense), net | G29: ='3. Inputs'!G99 -> -228 | H29: ='4. Calculations'!H57 -> -228 | I29: ='4. Calculations'!I57 -> -228 | J29: ='4. Calculations'!J57 -> -228 | K29: ='4. Calculations'!K57 -> -228 | L29: ='4. Calculations'!L57 -> -228
C30: Interest income | G30: ='3. Inputs'!G100 -> 2825 | H30: ='4. Calculations'!H97 -> 2909.26 | I30: ='4. Calculations'!I97 -> 2909.26 | J30: ='4. Calculations'!J97 -> 2909.26 | K30: ='4. Calculations'!K97 -> 2909.26 | L30: ='4. Calculations'!L97 -> 2909.26
C31: (Interest expense) | G31: ='3. Inputs'!G101 -> -2931 | H31: =-'4. Calculations'!H126 -> -3027.3925 | I31: =-'4. Calculations'!I126 -> -3027.3925 | J31: =-'4. Calculations'!J126 -> -3027.3925 | K31: =-'4. Calculations'!K126 -> -3027.3925 | L31: =-'4. Calculations'!L126 -> -3027.3925
C32: Income before provision for income taxes | G32: =SUM(G28:G31) -> 119103 | H32: =SUM(H28:H31) -> 130582.9 | I32: =SUM(I28:I31) -> 141947.49 | J32: =SUM(J28:J31) -> 169178.18 | K32: =SUM(K28:K31) -> 180413.54 | L32: =SUM(L28:L31) -> 190374.96
C33: Provision for income taxes | G33: ='3. Inputs'!G103 -> 19300 | H33: ='4. Calculations'!H61 -> 21160.256 | I33: ='4. Calculations'!I61 -> 23001.827 | J33: ='4. Calculations'!J61 -> 27414.413 | K33: ='4. Calculations'!K61 -> 29235.043 | L33: ='4. Calculations'!L61 -> 30849.237
C34: Net income | G34: =G32-G33 -> 99803 | H34: =H32-H33 -> 109422.65 | I34: =I32-I33 -> 118945.66 | J34: =J32-J33 -> 141763.77 | K34: =K32-K33 -> 151178.5 | L34: =L32-L33 -> 159525.72
C35: Net margin % | G35: =G34/G13 -> 0.25309641 | H35: =H34/H13 -> 0.25745336 | I35: =I34/I13 -> 0.26089648 | J35: =J34/J13 -> 0.26224217 | K35: =K34/K13 -> 0.26479183 | L35: =L34/L13 -> 0.26610681
C37: check: net income = net income on calculations page | H37: =H34='4. Calculations'!H62 -> TRUE | I37: =I34='4. Calculations'!I62 -> TRUE | J37: =J34='4. Calculations'!J62 -> TRUE | K37: =K34='4. Calculations'!K62 -> TRUE | L37: =L34='4. Calculations'!L62 -> TRUE
C39: Earnings per share:
C40: Basic | G40: =G34/G44 -> 6.1546144 | H40: =H34/H44 -> 7.059087 | I40: =I34/I44 -> 8.044499 | J40: =J34/J44 -> 10.074916 | K40: =K34/K44 -> 11.319176 | L40: =L34/L44 -> 12.619744
C41: Diluted | G41: =G34/G45 -> 6.1132002 | H41: =H34/H45 -> 7.009411 | I41: =I34/I45 -> 7.9851711 | J41: =J34/J45 -> 9.9968674 | K41: =K34/K45 -> 11.226833 | L41: =L34/L45 -> 12.511018
C43: Shares used in computing earnings per share:
C44: Basic | G44: ='3. Inputs'!G69 -> 16215.963 | H44: ='4. Calculations'!H72 -> 15500.963 | I44: ='4. Calculations'!I72 -> 14785.963 | J44: ='4. Calculations'!J72 -> 14070.963 | K44: ='4. Calculations'!K72 -> 13355.963 | L44: ='4. Calculations'!L72 -> 12640.963
C45: Diluted | G45: ='3. Inputs'!G70 -> 16325.819 | H45: ='4. Calculations'!H77 -> 15610.819 | I45: ='4. Calculations'!I77 -> 14895.819 | J45: ='4. Calculations'!J77 -> 14180.819 | K45: ='4. Calculations'!K77 -> 13465.819 | L45: ='4. Calculations'!L77 -> 12750.819
C47: EBITDA
C48: Net income | G48: =G34 -> 99803 | H48: =H34 -> 109422.65 | I48: =I34 -> 118945.66 | J48: =J34 -> 141763.77 | K48: =K34 -> 151178.5 | L48: =L34 -> 159525.72
C49: Add back: | D49: Depreciation and amortization | G49: ='3. Inputs'!G106 -> 11104 | H49: =-'4. Calculations'!H102 -> 9623.4 | I49: =-'4. Calculations'!I102 -> 10098.72 | J49: =-'4. Calculations'!J102 -> 10478.976 | K49: =-'4. Calculations'!K102 -> 10783.181 | L49: =-'4. Calculations'!L102 -> 11026.545
D50: Interest expense | G50: =-G31 -> 2931 | H50: =-H31 -> 3027.3925 | I50: =-I31 -> 3027.3925 | J50: =-J31 -> 3027.3925 | K50: =-K31 -> 3027.3925 | L50: =-L31 -> 3027.3925
D51: Income tax expense | G51: =G33 -> 19300 | H51: =H33 -> 21160.256 | I51: =I33 -> 23001.827 | J51: =J33 -> 27414.413 | K51: =K33 -> 29235.043 | L51: =L33 -> 30849.237
C52: Less: | D52: Interest income | G52: =-G30 -> -2825 | H52: =-H30 -> -2909.26 | I52: =-I30 -> -2909.26 | J52: =-J30 -> -2909.26 | K52: =-K30 -> -2909.26 | L52: =-L30 -> -2909.26
G53: =SUM(G48:G52) -> 130313 | H53: =SUM(H48:H52) -> 140324.44 | I53: =SUM(I48:I52) -> 152164.34 | J53: =SUM(J48:J52) -> 179775.29 | K53: =SUM(K48:K52) -> 191314.85 | L53: =SUM(L48:L52) -> 201519.64
C54: Growth % | G54: N/A | H54: =H53/G53-1 -> 0.076826067 | I54: =I53/H53-1 -> 0.08437524 | J54: =J53/I53-1 -> 0.18145477 | K54: =K53/J53-1 -> 0.064188818 | L54: =L53/K53-1 -> 0.053340263
C55: EBITDA Margin | G55: =G53/G13 -> 0.33046854 | H55: =H53/H13 -> 0.33016016 | I55: =I53/I13 -> 0.33375862 | J55: =J53/J13 -> 0.33255791 | K55: =K53/K13 -> 0.33509138 | L55: =L53/L13 -> 0.33615737
B57: 2. Balance Sheet
C59: ASSETS:
C60: Cash and cash equivalents | G60: ='3. Inputs'!G111 -> 23646 | H60: =H106 -> 13388.927 | I60: =I106 -> 13103.525 | J60: =J106 -> 25436.867 | K60: =K106 -> 58327.374 | L60: =L106 -> 100497.57
C61: Accounts receivable, net | G61: ='3. Inputs'!G112 -> 28184 | H61: ='4. Calculations'!H84 -> 30377.614 | I61: ='4. Calculations'!I84 -> 32585.577 | J61: ='4. Calculations'!J84 -> 38637.386 | K61: ='4. Calculations'!K84 -> 40806.604 | L61: ='4. Calculations'!L84 -> 42846.934
C62: Inventories | G62: ='3. Inputs'!G113 -> 4946 | H62: ='4. Calculations'!H89 -> 5242.76 | I62: ='4. Calculations'!I89 -> 5557.3256 | J62: ='4. Calculations'!J89 -> 6724.364 | K62: ='4. Calculations'!K89 -> 7060.5822 | L62: ='4. Calculations'!L89 -> 7413.6113
C63: Marketable securities | G63: ='3. Inputs'!G114 -> 145463 | H63: ='4. Calculations'!H94 -> 145463 | I63: ='4. Calculations'!I94 -> 145463 | J63: ='4. Calculations'!J94 -> 145463 | K63: ='4. Calculations'!K94 -> 145463 | L63: ='4. Calculations'!L94 -> 145463
C64: Property, plant and equipment, net | G64: ='3. Inputs'!G115 -> 42117 | H64: ='4. Calculations'!H103 -> 44493.6 | I64: ='4. Calculations'!I103 -> 46394.88 | J64: ='4. Calculations'!J103 -> 47915.904 | K64: ='4. Calculations'!K103 -> 49132.723 | L64: ='4. Calculations'!L103 -> 50106.179
C65: Other assets | G65: ='3. Inputs'!G116 -> 108399 | H65: ='4. Calculations'!H108 -> 116835.9 | I65: ='4. Calculations'!I108 -> 125327.99 | J65: ='4. Calculations'!J108 -> 148603.96 | K65: ='4. Calculations'!K108 -> 156947.03 | L65: ='4. Calculations'!L108 -> 164794.38
C66: Total assets | G66: =SUM(G60:G65) -> 352755 | H66: =SUM(H60:H65) -> 355801.8 | I66: =SUM(I60:I65) -> 368432.29 | J66: =SUM(J60:J65) -> 412781.48 | K66: =SUM(K60:K65) -> 457737.31 | L66: =SUM(L60:L65) -> 511121.67
C68: LIABILITIES AND SHAREHOLDERS' EQUITY:
C69: Accounts payable | G69: ='3. Inputs'!G120 -> 64115 | H69: ='4. Calculations'!H113 -> 68592.994 | I69: ='4. Calculations'!I113 -> 73147.54 | J69: ='4. Calculations'!J113 -> 86545.046 | K69: ='4. Calculations'!K113 -> 91003.297 | L69: ='4. Calculations'!L113 -> 95338.082
C70: Other liabilities | G70: ='3. Inputs'!G121 -> 127881 | H70: ='4. Calculations'!H118 -> 131078.02 | I70: ='4. Calculations'!I118 -> 134354.98 | J70: ='4. Calculations'!J118 -> 137713.85 | K70: ='4. Calculations'!K118 -> 141156.7 | L70: ='4. Calculations'!L118 -> 144685.61
C71: Term debt | G71: ='3. Inputs'!G122 -> 110087 | H71: ='4. Calculations'!H123 -> 110087 | I71: ='4. Calculations'!I123 -> 110087 | J71: ='4. Calculations'!J123 -> 110087 | K71: ='4. Calculations'!K123 -> 110087 | L71: ='4. Calculations'!L123 -> 110087
C72: Total liabilities | G72: =SUM(G69:G71) -> 302083 | H72: =SUM(H69:H71) -> 309758.02 | I72: =SUM(I69:I71) -> 317589.52 | J72: =SUM(J69:J71) -> 334345.9 | K72: =SUM(K69:K71) -> 342246.99 | L72: =SUM(L69:L71) -> 350110.7
C74: Total shareholders' equity | G74: ='3. Inputs'!G125 -> 50672 | H74: ='4. Calculations'!H134 -> 46043.78 | I74: ='4. Calculations'!I134 -> 50842.779 | J74: ='4. Calculations'!J134 -> 78435.582 | K74: ='4. Calculations'!K134 -> 115490.32 | L74: ='4. Calculations'!L134 -> 161010.98
C75: Total liabilities and shareholders' equity | G75: =SUM(G72:G74) -> 352755 | H75: =SUM(H72:H74) -> 355801.8 | I75: =SUM(I72:I74) -> 368432.29 | J75: =SUM(J72:J74) -> 412781.48 | K75: =SUM(K72:K74) -> 457737.31 | L75: =SUM(L72:L74) -> 511121.67
C77: check: total assets = total liabilities and shareholders' equity | G77: =G66=G75 -> TRUE | H77: =H66=H75 -> TRUE | I77: =I66=I75 -> TRUE | J77: =J66=J75 -> TRUE | K77: =K66=K75 -> TRUE | L77: =L66=L75 -> TRUE
B79: 3. Statement of Cash Flows
C81: Operating
C82: Net income | H82: =H34 -> 109422.65 | I82: =I34 -> 118945.66 | J82: =J34 -> 141763.77 | K82: =K34 -> 151178.5 | L82: =L34 -> 159525.72
C83: Add back: depreciation included in the above | H83: =-'4. Calculations'!H102 -> 9623.4 | I83: =-'4. Calculations'!I102 -> 10098.72 | J83: =-'4. Calculations'!J102 -> 10478.976 | K83: =-'4. Calculations'!K102 -> 10783.181 | L83: =-'4. Calculations'!L102 -> 11026.545
C84: Less: change in net working capital
D85: (Increase) / decrease in AR | H85: =G61-H61 -> -2193.6137 | I85: =H61-I61 -> -2207.9634 | J85: =I61-J61 -> -6051.8084 | K85: =J61-K61 -> -2169.2181 | L85: =K61-L61 -> -2040.3302
D86: (Increase) / decrease in inventory | H86: =G62-H62 -> -296.76 | I86: =H62-I62 -> -314.5656 | J86: =I62-J62 -> -1167.0384 | K86: =J62-K62 -> -336.2182 | L86: =K62-L62 -> -353.02911
D87: (Increase) / decrease in other assets | H87: =G65-H65 -> -8436.8981 | I87: =H65-I65 -> -8492.0884 | J87: =I65-J65 -> -23275.972 | K87: =J65-K65 -> -8343.0696 | L87: =K65-L65 -> -7847.3514
D88: Increase / (decrease) in AP | H88: =H69-G69 -> 4477.9939 | I88: =I69-H69 -> 4554.5463 | J88: =J69-I69 -> 13397.506 | K88: =K69-J69 -> 4458.2509 | L88: =L69-K69 -> 4334.7843
D89: Increase / (decrease) in other Liabilities | H89: =H70-G70 -> 3197.025 | I89: =I70-H70 -> 3276.9506 | J89: =J70-I70 -> 3358.8744 | K89: =K70-J70 -> 3442.8463 | L89: =L70-K70 -> 3528.9174
C90: Net operating cash flow | H90: =SUM(H82:H89) -> 115793.79 | I90: =SUM(I82:I89) -> 125861.26 | J90: =SUM(J82:J89) -> 138504.3 | K90: =SUM(K82:K89) -> 159014.27 | L90: =SUM(L82:L89) -> 168175.26
C92: Investing
C93: Additions to PPE, net | H93: =-'4. Calculations'!H101 -> -12000 | I93: =-'4. Calculations'!I101 -> -12000 | J93: =-'4. Calculations'!J101 -> -12000 | K93: =-'4. Calculations'!K101 -> -12000 | L93: =-'4. Calculations'!L101 -> -12000
C94: Additions to marketable securities, net | H94: =-'4. Calculations'!H93 -> 0 | I94: =-'4. Calculations'!I93 -> 0 | J94: =-'4. Calculations'!J93 -> 0 | K94: =-'4. Calculations'!K93 -> 0 | L94: =-'4. Calculations'!L93 -> 0
C95: Net investing cash flow | H95: =SUM(H93:H94) -> -12000 | I95: =SUM(I93:I94) -> -12000 | J95: =SUM(J93:J94) -> -12000 | K95: =SUM(K93:K94) -> -12000 | L95: =SUM(L93:L94) -> -12000
C97: Financing
C98: Additions to term debt, net | H98: ='4. Calculations'!H122 -> 0 | I98: ='4. Calculations'!I122 -> 0 | J98: ='4. Calculations'!J122 -> 0 | K98: ='4. Calculations'!K122 -> 0 | L98: ='4. Calculations'!L122 -> 0
C99: Shares issued | H99: ='4. Calculations'!H131 -> 0 | I99: ='4. Calculations'!I131 -> 0 | J99: ='4. Calculations'!J131 -> 0 | K99: ='4. Calculations'!K131 -> 0 | L99: ='4. Calculations'!L131 -> 0
C100: Shares repurchased | H100: ='4. Calculations'!H132 -> -100100 | I100: ='4. Calculations'!I132 -> -100100 | J100: ='4. Calculations'!J132 -> -100100 | K100: ='4. Calculations'!K132 -> -100100 | L100: ='4. Calculations'!L132 -> -100100
C101: Dividends paid | H101: ='4. Calculations'!H133 -> -13950.867 | I101: ='4. Calculations'!I133 -> -14046.665 | J101: ='4. Calculations'!J133 -> -14070.963 | K101: ='4. Calculations'!K133 -> -14023.761 | L101: ='4. Calculations'!L133 -> -13905.059
C102: Net financing cash flow | H102: =SUM(H98:H101) -> -114050.87 | I102: =SUM(I98:I101) -> -114146.66 | J102: =SUM(J98:J101) -> -114170.96 | K102: =SUM(K98:K101) -> -114123.76 | L102: =SUM(L98:L101) -> -114005.06
C104: Net Cash Flow | H104: =SUM(H90,H95,H102) -> -10257.073 | I104: =SUM(I90,I95,I102) -> -285.40144 | J104: =SUM(J90,J95,J102) -> 12333.342 | K104: =SUM(K90,K95,K102) -> 32890.507 | L104: =SUM(L90,L95,L102) -> 42170.198
C105: Opening Cash | H105: =G106 -> 23646 | I105: =H106 -> 13388.927 | J105: =I106 -> 13103.525 | K105: =J106 -> 25436.867 | L105: =K106 -> 58327.374
C106: Ending Cash | G106: =G60 -> 23646 | H106: =H104+H105 -> 13388.927 | I106: =I104+I105 -> 13103.525 | J106: =J104+J105 -> 25436.867 | K106: =K104+K105 -> 58327.374 | L106: =L104+L105 -> 100497.57
C108: check: ending cash = cash on balance sheet | G108: =G106=G60 -> TRUE | H108: =H106=H60 -> TRUE | I108: =I106=I60 -> TRUE | J108: =J106=J60 -> TRUE | K108: =K106=K60 -> TRUE | L108: =L106=L60 -> TRUE
B110: * End *

Sheet 3. Inputs
B2: CICBV Best Practices in Financial Modelling
B3: Apple Inc. Financial Model
B4: =model_date -> October 31, 2022 | G4: =G11 -> Actual | H4: =H11 -> Forecast | I4: =I11 -> Forecast | J4: =J11 -> Forecast | K4: =K11 -> Forecast | L4: =L11 -> Forecast
B5: (In millions, except per share amounts) | D5: Units | G5: =G12 -> 2022 | H5: =H12 -> 2023 | I5: =I12 -> 2024 | J5: =J12 -> 2025 | K5: =K12 -> 2026 | L5: =L12 -> 2027
B8: 1. Modeller's inputs
C10: Model date | D10: date | F10: October 31, 2022
C11: Timelines | D11: text | G11: Actual | H11: Forecast | I11: Forecast | J11: Forecast | K11: Forecast | L11: Forecast
D12: text | G12: 2022 | H12: 2023 | I12: 2024 | J12: 2025 | K12: 2026 | L12: 2027
C14: Discount periods
C15: Selected approach:
C16: Mid-period | F16: =IF(C16=C17,1,2) -> 1 | H16: =CHOOSE($F$16,H17,H18) -> 0.5 | I16: =CHOOSE($F$16,I17,I18) -> 1.5 | J16: =CHOOSE($F$16,J17,J18) -> 2.5 | K16: =CHOOSE($F$16,K17,K18) -> 3.5 | L16: =CHOOSE($F$16,L17,L18) -> 4.5
C17: Mid-period | D17: # | H17: 0.5 | I17: =H17+1 -> 1.5 | J17: =I17+1 -> 2.5 | K17: =J17+1 -> 3.5 | L17: =K17+1 -> 4.5
C18: End period | D18: # | H18: 1 | I18: 2 | J18: 3 | K18: 4 | L18: 5
B20: 2. Valuation inputs
C22: Discount rate | D22: % | F22: 0.1
C23: Terminal growth rate | D23: % | F23: 0.035
C24: Appl share price | D24: $ | F24: 138.38
C25: Maximum cash required on hand | D25: $ | F25: 20000
B27: 3. P&L Inputs
C29: Net sales:
C30: Products - annual growth rate | D30: % | H30: 0.06 | I30: 0.06 | J30: 0.06 | K30: 0.05 | L30: 0.05
C31: Services - annual growth rate | D31: % | H31: 0.15 | I31: 0.12 | J31: 0.1 | K31: 0.08 | L31: 0.05
C33: Product launch growth impact | D33: % | F33: 0.15
C34: New product launch year | D34: year | F34: 2025
C36: Cost of sales:
C37: Products - COGS % | D37: % | G37: =G88/G83 -> 0.6371652 | H37: =G37 -> 0.6371652 | I37: =H37 -> 0.6371652 | J37: =I37 -> 0.6371652 | K37: =J37 -> 0.6371652 | L37: =K37 -> 0.6371652
C38: Services - COGS % | D38: % | G38: =G89/G84 -> 0.28254553 | H38: =G38 -> 0.28254553 | I38: =H38 -> 0.28254553 | J38: =I38 -> 0.28254553 | K38: =J38 -> 0.28254553 | L38: =K38 -> 0.28254553
C40: Operating expenses:
C41: Research and development / Sales | D41: % | G41: =G94/G85 -> 0.066571484 | H41: =G41 -> 0.066571484 | I41: =H41 -> 0.066571484 | J41: =I41 -> 0.066571484 | K41: =J41 -> 0.066571484 | L41: =K41 -> 0.066571484
C42: Selling, general and administrative annual growth | D42: % | H42: 0.07 | I42: 0.06 | J42: 0.05 | K42: 0.03 | L42: 0.02
C44: Other income/(expense) | D44: $ | G44: =G99 -> -228 | H44: =G44 -> -228 | I44: =H44 -> -228 | J44: =I44 -> -228 | K44: =J44 -> -228 | L44: =K44 -> -228
C46: Effective tax rate | D46: % | G46: =G103/G102 -> 0.16204462 | H46: =G46 -> 0.16204462 | I46: =H46 -> 0.16204462 | J46: =I46 -> 0.16204462 | K46: =J46 -> 0.16204462 | L46: =K46 -> 0.16204462
B48: 4. Balance Sheet Inputs
C50: Working capital balances
C51: Days in year for working capital purposes | D51: days | G51: 365 | H51: =G51 -> 365 | I51: =H51 -> 365 | J51: =I51 -> 365 | K51: =J51 -> 365 | L51: =K51 -> 365
C52: AR - DSO | D52: days | G52: =G112/G85*G51 -> 26.087825 | H52: =G52 -> 26.087825 | I52: =H52 -> 26.087825 | J52: =I52 -> 26.087825 | K52: =J52 -> 26.087825 | L52: =K52 -> 26.087825
C53: Inventory Days | D53: days | G53: =G113/G88*G51 -> 8.9605452 | H53: =G53 -> 8.9605452 | I53: =H53 -> 8.9605452 | J53: =I53 -> 8.9605452 | K53: =J53 -> 8.9605452 | L53: =K53 -> 8.9605452
C54: Other Assets - DSO | D54: days | G54: =G116/G85*G51 -> 100.33686 | H54: =G54 -> 100.33686 | I54: =H54 -> 100.33686 | J54: =I54 -> 100.33686 | K54: =J54 -> 100.33686 | L54: =K54 -> 100.33686
C55: AP - DPO | D55: days | G55: =G120/(G90+G96)*G51 -> 85.131834 | H55: =G55 -> 85.131834 | I55: =H55 -> 85.131834 | J55: =I55 -> 85.131834 | K55: =J55 -> 85.131834 | L55: =K55 -> 85.131834
C56: Other liabilities growth | D56: % | H56: 0.025 | I56: =H56 -> 0.025 | J56: =I56 -> 0.025 | K56: =J56 -> 0.025 | L56: =K56 -> 0.025
C58: Additions to (Sales of) Marketable Securities | D58: $ | H58: 0 | I58: =H58 -> 0 | J58: =I58 -> 0 | K58: =J58 -> 0 | L58: =K58 -> 0
C59: Return on marketable securities | D59: % | H59: 0.02 | I59: 0.02 | J59: 0.02 | K59: 0.02 | L59: 0.02
C61: Additions to PPE | D61: $ | H61: 12000 | I61: 12000 | J61: 12000 | K61: 12000 | L61: 12000
C62: Depreciation of PPE - annual rate | D62: % | H62: 0.2 | I62: 0.2 | J62: 0.2 | K62: 0.2 | L62: 0.2
C64: Addition to (repayment of) term debt | D64: $ | H64: 0 | I64: 0 | J64: 0 | K64: 0 | L64: 0
C65: Interest on term debt | D65: % | H65: 0.0275 | I65: 0.0275 | J65: 0.0275 | K65: 0.0275 | L65: 0.0275
B67: 5. Shareholders' Equity Inputs
C69: Basic - opening balance | D69: # | G69: 16215.963
C70: Diluted - opening balance | D70: # | G70: 16325.819
C72: Shares issued | D72: # | H72: 0 | I72: 0 | J72: 0 | K72: 0 | L72: 0
C73: Issue price | D73: $ | H73: 0 | I73: 0 | J73: 0 | K73: 0 | L73: 0
C75: Shares repurchased | D75: # | H75: 715 | I75: =H75 -> 715 | J75: =I75 -> 715 | K75: =J75 -> 715 | L75: =K75 -> 715
C76: Purchase price | D76: $ | H76: 140 | I76: 140 | J76: 140 | K76: 140 | L76: 140
C78: Dividends / share | D78: $ | H78: 0.9 | I78: 0.95 | J78: 1 | K78: 1.05 | L78: 1.1
B80: 6. Historical P&L
C82: Net sales:
C83: Products | G83: 316199
C84: Services | G84: 78129
C85: Total net sales | G85: =SUM(G83:G84) -> 394328
C87: Cost of sales:
C88: Products | G88: 201471
C89: Services | G89: 22075
C90: Total cost of sales | G90: =SUM(G88:G89) -> 223546
C91: Gross margin | G91: =G85-G90 -> 170782
C93: Operating expenses:
C94: Research and development | G94: 26251
C95: Selling, general and administrative | G95: 25094
C96: Total operating expenses | G96: =SUM(G94:G95) -> 51345
C98: Operating income | G98: =G91-G96 -> 119437
C99: Other income/(expense), net | G99: -228
C100: Interest income | G100: 2825
C101: Interest expense | G101: -2931
C102: Income before provision for income taxes | G102: =SUM(G98:G101) -> 119103
C103: Provision for income taxes | G103: 19300
C104: Net income | G104: =G102-G103 -> 99803
C106: Depreciation and amortization included in net income above | G106: 11104
B108: 7. Opening Balance Sheet
C110: ASSETS:
C111: Cash and cash equivalents | G111: 23646
C112: Accounts receivable, net | G112: 28184
C113: Inventories | G113: 4946
C114: Marketable securities | G114: 145463
C115: Property, plant and equipment, net | G115: 42117
C116: Other assets | G116: 108399
C117: Total assets | G117: =SUM(G111:G116) -> 352755
C119: LIABILITIES AND SHAREHOLDERS' EQUITY:
C120: Accounts payable | G120: 64115
C121: Other liabilities | G121: 127881
C122: Term debt | G122: 110087
C123: Total liabilities | G123: =SUM(G120:G122) -> 302083
C125: Total shareholders' equity | G125: 50672
C126: Total liabilities and shareholders' equity | G126: =G123+G125 -> 352755
B128: * End *

Sheet 4. Calculations
B2: CICBV Best Practices in Financial Modelling
B3: Apple Inc. Financial Model
B4: =model_date -> October 31, 2022 | G4: ='3. Inputs'!G4 -> Actual | H4: ='3. Inputs'!H4 -> Forecast | I4: ='3. Inputs'!I4 -> Forecast | J4: ='3. Inputs'!J4 -> Forecast | K4: ='3. Inputs'!K4 -> Forecast | L4: ='3. Inputs'!L4 -> Forecast
B5: (In millions, except per share amounts) | G5: ='3. Inputs'!G5 -> 2022 | H5: ='3. Inputs'!H5 -> 2023 | I5: ='3. Inputs'!I5 -> 2024 | J5: ='3. Inputs'!J5 -> 2025 | K5: ='3. Inputs'!K5 -> 2026 | L5: ='3. Inputs'!L5 -> 2027
B8: 1. Income Statement Calculations
C10: Net sales:
C11: Products
D12: Opening balance | H12: ='2. Financial Stmts'!G11 -> 316199 | I12: =H14 -> 335170.94 | J12: =I14 -> 355281.2 | K12: =J14 -> 429890.25 | L12: =K14 -> 451384.76
D13: annual growth | H13: =H19 -> 0.06 | I13: =I19 -> 0.06 | J13: =J19 -> 0.21 | K13: =K19 -> 0.05 | L13: =L19 -> 0.05
D14: Ending balance | H14: =H12*(1+H13) -> 335170.94 | I14: =I12*(1+I13) -> 355281.2 | J14: =J12*(1+J13) -> 429890.25 | K14: =K12*(1+K13) -> 451384.76 | L14: =L12*(1+L13) -> 473954
C16: Product growth rate
D17: base growth rate | H17: ='3. Inputs'!H30 -> 0.06 | I17: ='3. Inputs'!I30 -> 0.06 | J17: ='3. Inputs'!J30 -> 0.06 | K17: ='3. Inputs'!K30 -> 0.05 | L17: ='3. Inputs'!L30 -> 0.05
D18: product launch impact | H18: ='3. Inputs'!$F$33*'4. Calculations'!H21 -> 0 | I18: ='3. Inputs'!$F$33*'4. Calculations'!I21 -> 0 | J18: ='3. Inputs'!$F$33*'4. Calculations'!J21 -> 0.15 | K18: ='3. Inputs'!$F$33*'4. Calculations'!K21 -> 0 | L18: ='3. Inputs'!$F$33*'4. Calculations'!L21 -> 0
D19: total growth rate | H19: =SUM(H17:H18) -> 0.06 | I19: =SUM(I17:I18) -> 0.06 | J19: =SUM(J17:J18) -> 0.21 | K19: =SUM(K17:K18) -> 0.05 | L19: =SUM(L17:L18) -> 0.05
D21: product launch flag | H21: =IF('3. Inputs'!$F$34='4. Calculations'!H5,1,0) -> 0 | I21: =IF('3. Inputs'!$F$34='4. Calculations'!I5,1,0) -> 0 | J21: =IF('3. Inputs'!$F$34='4. Calculations'!J5,1,0) -> 1 | K21: =IF('3. Inputs'!$F$34='4. Calculations'!K5,1,0) -> 0 | L21: =IF('3. Inputs'!$F$34='4. Calculations'!L5,1,0) -> 0
C23: Services
D24: Opening balance | H24: ='2. Financial Stmts'!G12 -> 78129 | I24: =H26 -> 89848.35 | J24: =I26 -> 100630.15 | K24: =J26 -> 110693.17 | L24: =K26 -> 119548.62
D25: annual growth | H25: ='3. Inputs'!H31 -> 0.15 | I25: ='3. Inputs'!I31 -> 0.12 | J25: ='3. Inputs'!J31 -> 0.1 | K25: ='3. Inputs'!K31 -> 0.08 | L25: ='3. Inputs'!L31 -> 0.05
D26: Ending balance | H26: =H24*(1+H25) -> 89848.35 | I26: =I24*(1+I25) -> 100630.15 | J26: =J24*(1+J25) -> 110693.17 | K26: =K24*(1+K25) -> 119548.62 | L26: =L24*(1+L25) -> 125526.05
C28: Total revenues | H28: =H14+H26 -> 425019.29 | I28: =I14+I26 -> 455911.35 | J28: =J14+J26 -> 540583.41 | K28: =K14+K26 -> 570933.38 | L28: =L14+L26 -> 599480.05
C30: Cost of sales:
C31: Products
D32: Revenues | H32: =H14 -> 335170.94 | I32: =I14 -> 355281.2 | J32: =J14 -> 429890.25 | K32: =K14 -> 451384.76 | L32: =L14 -> 473954
D33: COGS% | H33: ='3. Inputs'!H37 -> 0.6371652 | I33: ='3. Inputs'!I37 -> 0.6371652 | J33: ='3. Inputs'!J37 -> 0.6371652 | K33: ='3. Inputs'!K37 -> 0.6371652 | L33: ='3. Inputs'!L37 -> 0.6371652
D34: Cost of Sales | H34: =H32*H33 -> 213559.26 | I34: =I32*I33 -> 226372.82 | J34: =J32*J33 -> 273911.11 | K34: =K32*K33 -> 287606.66 | L34: =L32*L33 -> 301987
C35: Services
D36: Revenues | H36: =H26 -> 89848.35 | I36: =I26 -> 100630.15 | J36: =J26 -> 110693.17 | K36: =K26 -> 119548.62 | L36: =L26 -> 125526.05
D37: COGS% | H37: ='3. Inputs'!G38 -> 0.28254553 | I37: ='3. Inputs'!H38 -> 0.28254553 | J37: ='3. Inputs'!I38 -> 0.28254553 | K37: ='3. Inputs'!J38 -> 0.28254553 | L37: ='3. Inputs'!K38 -> 0.28254553
D38: Cost of Sales | H38: =H36*H37 -> 25386.25 | I38: =I36*I37 -> 28432.6 | J38: =J36*J37 -> 31275.86 | K38: =K36*K37 -> 33777.929 | L38: =L36*L37 -> 35466.825
C40: Total cost of sales | H40: =H34+H38 -> 238945.51 | I40: =I34+I38 -> 254805.42 | J40: =J34+J38 -> 305186.97 | K40: =K34+K38 -> 321384.59 | L40: =L34+L38 -> 337453.82
C41: Gross margin | H41: =H28-H40 -> 186073.78 | I41: =I28-I40 -> 201105.93 | J41: =J28-J40 -> 235396.45 | K41: =K28-K40 -> 249548.79 | L41: =L28-L40 -> 262026.23
C43: Operating expenses:
C44: Research and development
D45: Revenues | H45: =H28 -> 425019.29 | I45: =I28 -> 455911.35 | J45: =J28 -> 540583.41 | K45: =K28 -> 570933.38 | L45: =L28 -> 599480.05
D46: R&D / Sales | H46: ='3. Inputs'!H41 -> 0.066571484 | I46: ='3. Inputs'!I41 -> 0.066571484 | J46: ='3. Inputs'!J41 -> 0.066571484 | K46: ='3. Inputs'!K41 -> 0.066571484 | L46: ='3. Inputs'!L41 -> 0.066571484
D47: Total R&D | H47: =H45*H46 -> 28294.165 | I47: =I45*I46 -> 30350.695 | J47: =J45*J46 -> 35987.44 | K47: =K45*K46 -> 38007.882 | L47: =L45*L46 -> 39908.276
C49: Selling, general and administrative
D50: Opening balance | H50: ='2. Financial Stmts'!G25 -> 25094 | I50: =H52 -> 26850.58 | J50: =I52 -> 28461.615 | K50: =J52 -> 29884.696 | L50: =K52 -> 30781.236
D51: annual growth | H51: ='3. Inputs'!H42 -> 0.07 | I51: ='3. Inputs'!I42 -> 0.06 | J51: ='3. Inputs'!J42 -> 0.05 | K51: ='3. Inputs'!K42 -> 0.03 | L51: ='3. Inputs'!L42 -> 0.02
D52: Total SG&A | H52: =H50*(1+H51) -> 26850.58 | I52: =I50*(1+I51) -> 28461.615 | J52: =J50*(1+J51) -> 29884.696 | K52: =K50*(1+K51) -> 30781.236 | L52: =L50*(1+L51) -> 31396.861
C54: Total operating expenses | H54: =H47+H52 -> 55144.745 | I54: =I47+I52 -> 58812.31 | J54: =J47+J52 -> 65872.135 | K54: =K47+K52 -> 68789.119 | L54: =L47+L52 -> 71305.137
C55: Operating income | H55: =H41-H54 -> 130929.04 | I55: =I41-I54 -> 142293.62 | J55: =J41-J54 -> 169524.31 | K55: =K41-K54 -> 180759.67 | L55: =L41-L54 -> 190721.09
C57: Other income/(expense), net | H57: ='3. Inputs'!H44 -> -228 | I57: ='3. Inputs'!I44 -> -228 | J57: ='3. Inputs'!J44 -> -228 | K57: ='3. Inputs'!K44 -> -228 | L57: ='3. Inputs'!L44 -> -228
C58: Interest income | H58: =H97 -> 2909.26 | I58: =I97 -> 2909.26 | J58: =J97 -> 2909.26 | K58: =K97 -> 2909.26 | L58: =L97 -> 2909.26
C59: Interest expense | H59: =-H126 -> -3027.3925 | I59: =-I126 -> -3027.3925 | J59: =-J126 -> -3027.3925 | K59: =-K126 -> -3027.3925 | L59: =-L126 -> -3027.3925
C60: Income before provision for income taxes | H60: =SUM(H55:H59) -> 130582.9 | I60: =SUM(I55:I59) -> 141947.49 | J60: =SUM(J55:J59) -> 169178.18 | K60: =SUM(K55:K59) -> 180413.54 | L60: =SUM(L55:L59) -> 190374.96
C61: Provision for income taxes | H61: =H60*'3. Inputs'!H46 -> 21160.256 | I61: =I60*'3. Inputs'!I46 -> 23001.827 | J61: =J60*'3. Inputs'!J46 -> 27414.413 | K61: =K60*'3. Inputs'!K46 -> 29235.043 | L61: =L60*'3. Inputs'!L46 -> 30849.237
C62: Net income | H62: =H60-H61 -> 109422.65 | I62: =I60-I61 -> 118945.66 | J62: =J60-J61 -> 141763.77 | K62: =K60-K61 -> 151178.5 | L62: =L60-L61 -> 159525.72
C64: Earnings per share:
C65: Basic | H65: =H62/H72 -> 7.059087 | I65: =I62/I72 -> 8.044499 | J65: =J62/J72 -> 10.074916 | K65: =K62/K72 -> 11.319176 | L65: =L62/L72 -> 12.619744
C66: Diluted | H66: =H62/H77 -> 7.009411 | I66: =I62/I77 -> 7.9851711 | J66: =J62/J77 -> 9.9968674 | K66: =K62/K77 -> 11.226833 | L66: =L62/L77 -> 12.511018
C68: Shares used in computing earnings per share:
C69: Basic
D70: Opening balance | H70: ='3. Inputs'!G69 -> 16215.963 | I70: =H72 -> 15500.963 | J70: =I72 -> 14785.963 | K70: =J72 -> 14070.963 | L70: =K72 -> 13355.963
D71: Additions / (repurchases) | H71: ='3. Inputs'!H72-'3. Inputs'!H75 -> -715 | I71: ='3. Inputs'!I72-'3. Inputs'!I75 -> -715 | J71: ='3. Inputs'!J72-'3. Inputs'!J75 -> -715 | K71: ='3. Inputs'!K72-'3. Inputs'!K75 -> -715 | L71: ='3. Inputs'!L72-'3. Inputs'!L75 -> -715
D72: Ending balance | H72: =H70+H71 -> 15500.963 | I72: =I70+I71 -> 14785.963 | J72: =J70+J71 -> 14070.963 | K72: =K70+K71 -> 13355.963 | L72: =L70+L71 -> 12640.963
C74: Diluted | H74: ='3. Inputs'!H70 -> 0 | I74: ='3. Inputs'!I70 -> 0 | J74: ='3. Inputs'!J70 -> 0 | K74: ='3. Inputs'!K70 -> 0 | L74: ='3. Inputs'!L70 -> 0
D75: Opening balance | H75: ='3. Inputs'!G70 -> 16325.819 | I75: =H77 -> 15610.819 | J75: =I77 -> 14895.819 | K75: =J77 -> 14180.819 | L75: =K77 -> 13465.819
D76: Additions / (repurchases) | H76: =H71 -> -715 | I76: =I71 -> -715 | J76: =J71 -> -715 | K76: =K71 -> -715 | L76: =L71 -> -715
D77: Ending balance | H77: =H75+H76 -> 15610.819 | I77: =I75+I76 -> 14895.819 | J77: =J75+J76 -> 14180.819 | K77: =K75+K76 -> 13465.819 | L77: =L75+L76 -> 12750.819
B79: 2. Balance Sheet Calculations
C81: Accounts Receivable
D82: TTM Sales | H82: =H28 -> 425019.29 | I82: =I28 -> 455911.35 | J82: =J28 -> 540583.41 | K82: =K28 -> 570933.38 | L82: =L28 -> 599480.05
D83: DSO | H83: ='3. Inputs'!H52 -> 26.087825 | I83: ='3. Inputs'!I52 -> 26.087825 | J83: ='3. Inputs'!J52 -> 26.087825 | K83: ='3. Inputs'!K52 -> 26.087825 | L83: ='3. Inputs'!L52 -> 26.087825
D84: Net AR | H84: =H82/'3. Inputs'!H51*H83 -> 30377.614 | I84: =I82/'3. Inputs'!I51*I83 -> 32585.577 | J84: =J82/'3. Inputs'!J51*J83 -> 38637.386 | K84: =K82/'3. Inputs'!K51*K83 -> 40806.604 | L84: =L82/'3. Inputs'!L51*L83 -> 42846.934
C86: Inventory
D87: TTM Cost of Sales - Products | H87: =H34 -> 213559.26 | I87: =I34 -> 226372.82 | J87: =J34 -> 273911.11 | K87: =K34 -> 287606.66 | L87: =L34 -> 301987
D88: Inventory days | H88: ='3. Inputs'!H53 -> 8.9605452 | I88: ='3. Inputs'!I53 -> 8.9605452 | J88: ='3. Inputs'!J53 -> 8.9605452 | K88: ='3. Inputs'!K53 -> 8.9605452 | L88: ='3. Inputs'!L53 -> 8.9605452
D89: Total inventory | H89: =H87/'3. Inputs'!H51*H88 -> 5242.76 | I89: =I87/'3. Inputs'!I51*I88 -> 5557.3256 | J89: =J87/'3. Inputs'!J51*J88 -> 6724.364 | K89: =K87/'3. Inputs'!K51*K88 -> 7060.5822 | L89: =L87/'3. Inputs'!L51*L88 -> 7413.6113
C91: Marketable Securities
D92: Opening balance | H92: ='3. Inputs'!G114 -> 145463 | I92: =H94 -> 145463 | J92: =I94 -> 145463 | K92: =J94 -> 145463 | L92: =K94 -> 145463
D93: Net additions | H93: ='3. Inputs'!H58 -> 0 | I93: ='3. Inputs'!I58 -> 0 | J93: ='3. Inputs'!J58 -> 0 | K93: ='3. Inputs'!K58 -> 0 | L93: ='3. Inputs'!L58 -> 0
D94: Ending balance | H94: =H92+H93 -> 145463 | I94: =I92+I93 -> 145463 | J94: =J92+J93 -> 145463 | K94: =K92+K93 -> 145463 | L94: =L92+L93 -> 145463
D96: Interest rate | H96: ='3. Inputs'!H59 -> 0.02 | I96: ='3. Inputs'!I59 -> 0.02 | J96: ='3. Inputs'!J59 -> 0.02 | K96: ='3. Inputs'!K59 -> 0.02 | L96: ='3. Inputs'!L59 -> 0.02
D97: Total interest income | H97: =AVERAGE(H92,H94)*H96 -> 2909.26 | I97: =AVERAGE(I92,I94)*I96 -> 2909.26 | J97: =AVERAGE(J92,J94)*J96 -> 2909.26 | K97: =AVERAGE(K92,K94)*K96 -> 2909.26 | L97: =AVERAGE(L92,L94)*L96 -> 2909.26
C99: PPE
D100: Opening balance | H100: ='3. Inputs'!G115 -> 42117 | I100: =H103 -> 44493.6 | J100: =I103 -> 46394.88 | K100: =J103 -> 47915.904 | L100: =K103 -> 49132.723
D101: Additions | H101: ='3. Inputs'!H61 -> 12000 | I101: ='3. Inputs'!I61 -> 12000 | J101: ='3. Inputs'!J61 -> 12000 | K101: ='3. Inputs'!K61 -> 12000 | L101: ='3. Inputs'!L61 -> 12000
D102: Depreciation | H102: =-(H100+H101/2)*'3. Inputs'!H62 -> -9623.4 | I102: =-(I100+I101/2)*'3. Inputs'!I62 -> -10098.72 | J102: =-(J100+J101/2)*'3. Inputs'!J62 -> -10478.976 | K102: =-(K100+K101/2)*'3. Inputs'!K62 -> -10783.181 | L102: =-(L100+L101/2)*'3. Inputs'!L62 -> -11026.545
D103: Ending balance | H103: =SUM(H100:H102) -> 44493.6 | I103: =SUM(I100:I102) -> 46394.88 | J103: =SUM(J100:J102) -> 47915.904 | K103: =SUM(K100:K102) -> 49132.723 | L103: =SUM(L100:L102) -> 50106.179
C105: Other Assets
D106: TTM Sales | H106: =H28 -> 425019.29 | I106: =I28 -> 455911.35 | J106: =J28 -> 540583.41 | K106: =K28 -> 570933.38 | L106: =L28 -> 599480.05
D107: DSO | H107: ='3. Inputs'!H54 -> 100.33686 | I107: ='3. Inputs'!I54 -> 100.33686 | J107: ='3. Inputs'!J54 -> 100.33686 | K107: ='3. Inputs'!K54 -> 100.33686 | L107: ='3. Inputs'!L54 -> 100.33686
D108: Total Other Assets | H108: =H106/'3. Inputs'!H51*H107 -> 116835.9 | I108: =I106/'3. Inputs'!I51*I107 -> 125327.99 | J108: =J106/'3. Inputs'!J51*J107 -> 148603.96 | K108: =K106/'3. Inputs'!K51*K107 -> 156947.03 | L108: =L106/'3. Inputs'!L51*L107 -> 164794.38
C110: Accounts Payable
D111: TTM Cost of sales and other expenses | H111: =H40+H47+H52 -> 294090.25 | I111: =I40+I47+I52 -> 313617.73 | J111: =J40+J47+J52 -> 371059.1 | K111: =K40+K47+K52 -> 390173.71 | L111: =L40+L47+L52 -> 408758.96
D112: DPO | H112: ='3. Inputs'!H55 -> 85.131834 | I112: ='3. Inputs'!I55 -> 85.131834 | J112: ='3. Inputs'!J55 -> 85.131834 | K112: ='3. Inputs'!K55 -> 85.131834 | L112: ='3. Inputs'!L55 -> 85.131834
D113: Net AP | H113: =H111/'3. Inputs'!H51*H112 -> 68592.994 | I113: =I111/'3. Inputs'!I51*I112 -> 73147.54 | J113: =J111/'3. Inputs'!J51*J112 -> 86545.046 | K113: =K111/'3. Inputs'!K51*K112 -> 91003.297 | L113: =L111/'3. Inputs'!L51*L112 -> 95338.082
C115: Other Liabilities
D116: Opening balance | H116: ='3. Inputs'!G121 -> 127881 | I116: =H118 -> 131078.02 | J116: =I118 -> 134354.98 | K116: =J118 -> 137713.85 | L116: =K118 -> 141156.7
D117: annual growth | H117: ='3. Inputs'!H56 -> 0.025 | I117: ='3. Inputs'!I56 -> 0.025 | J117: ='3. Inputs'!J56 -> 0.025 | K117: ='3. Inputs'!K56 -> 0.025 | L117: ='3. Inputs'!L56 -> 0.025
D118: Ending balance | H118: =H116*(1+H117) -> 131078.02 | I118: =I116*(1+I117) -> 134354.98 | J118: =J116*(1+J117) -> 137713.85 | K118: =K116*(1+K117) -> 141156.7 | L118: =L116*(1+L117) -> 144685.61
C120: Term Debt
D121: Opening balance | H121: ='3. Inputs'!G122 -> 110087 | I121: =H123 -> 110087 | J121: =I123 -> 110087 | K121: =J123 -> 110087 | L121: =K123 -> 110087
D122: Net additions | H122: ='3. Inputs'!H64 -> 0 | I122: ='3. Inputs'!I64 -> 0 | J122: ='3. Inputs'!J64 -> 0 | K122: ='3. Inputs'!K64 -> 0 | L122: ='3. Inputs'!L64 -> 0
D123: Ending balance | H123: =H121+H122 -> 110087 | I123: =I121+I122 -> 110087 | J123: =J121+J122 -> 110087 | K123: =K121+K122 -> 110087 | L123: =L121+L122 -> 110087
D125: Interest rate | H125: ='3. Inputs'!H65 -> 0.0275 | I125: ='3. Inputs'!I65 -> 0.0275 | J125: ='3. Inputs'!J65 -> 0.0275 | K125: ='3. Inputs'!K65 -> 0.0275 | L125: ='3. Inputs'!L65 -> 0.0275
D126: Total interest expense | H126: =AVERAGE(H121,H123)*H125 -> 3027.3925 | I126: =AVERAGE(I121,I123)*I125 -> 3027.3925 | J126: =AVERAGE(J121,J123)*J125 -> 3027.3925 | K126: =AVERAGE(K121,K123)*K125 -> 3027.3925 | L126: =AVERAGE(L121,L123)*L125 -> 3027.3925
C128: Shareholders Equity
D129: Opening balance | H129: ='3. Inputs'!G125 -> 50672 | I129: =H134 -> 46043.78 | J129: =I134 -> 50842.779 | K129: =J134 -> 78435.582 | L129: =K134 -> 115490.32
...

Sheet xx. User Guide
B2: CICBV Best Practices in Financial Modelling
B3: Apple Inc. Financial Model
B4: =model_date -> October 31, 2022
B6: Notes: | C6: 1. | D6: This model has been prepared to illustrate the development of a 3 statement financial model along with a discounted cash flow calculation of the equity value per share of Apple Inc.
C8: 2. | D8: Please note that although this model follows the CICBV calculation of equity value, certain simplifying assumptions have been made and it is not intended to be a formal calculation of the Fair Market Value of the shares of Apple Inc.
C10: 3. | D10: The source data for this model is drawn from the Apple Inc. form 10-K filed on October 28, 2022 and can be downloaded from the following location: https://investor.apple.com/sec-filings/default.aspx
C12: 4. | D12: All inputs are located on the sheet "3. Inputs" and all input cells font colour is BLUE.
C14: 5. | D14: There are no macros in this model.
B17: * End *
